 Dungeon Crawl Stone Soup version 0.29.0-13-gc9e81de378 (webtiles) character file.

Game seed: 6115772711609790711

252 inmateoo the Trooper (level 6, -1/44 HPs)
             Began as an Octopode Fighter on Sept 10, 2022.
             Slain by a phantom (6 damage)
             ... on level 5 of the Dungeon.
             The game lasted 00:03:33 (3941 turns).

inmateoo the Trooper (Octopode Fighter)             Turns: 3941, Time: 00:03:34

Health: -1/44      AC:  1    Str: 15    XL:     6   Next: 14%
Magic:  6/6        EV: 14    Int: 17    God:
Gold:   59         SH:  5    Dex: 13    Spells: 5/5 levels left

rFire   + . .      SeeInvis .     - Unarmed
rCold   . . .      Faith    .   a - +1 buckler
rNeg    . . .      Spirit   .   (helmet restricted)
rPois   .          Reflect  .   (no amulet)
rElec   .          Harm     .   f - +6 ring of intelligence
rCorr   .          Rampage  .   g - ring of protection from fire
Will    .....                   (no ring)
Stlth   ++........              (no ring)
HPRegen 0.14/turn               (no ring)
MPRegen 0.10/turn               (no ring)
                                (no ring)
                                (no ring)

@: no status effects
A: almost no armour, amphibious, 8 rings, camouflage 1, gelatinous body 1,
(nimble swimmer 1), tentacles
a: no special abilities


You were on level 5 of the Dungeon.
You visited 1 branch of the dungeon, and saw 5 of its levels.

You collected 107 gold pieces.
You spent 48 gold pieces at shops.

Inventory:

Missiles
 c - 3 poisoned darts (quivered)
Armour
 a - a +1 buckler (worn)
Jewellery
 e - a ring of positive energy
 f - a +6 ring of intelligence (left tentacle)
 g - a ring of protection from fire (right tentacle)
Wands
 s - a wand of polymorph (6)
Scrolls
 j - a scroll of identify
 n - a scroll of immolation
Potions
 b - 2 potions of might
 h - a potion of ambrosia
 i - a potion of brilliance
 l - a potion of flight
 o - a potion of lignification {unknown}
 p - a potion of attraction {unknown}
 q - a potion of magic {unknown}
 r - a potion of resistance {unknown}
 t - a potion of cancellation {unknown}


   Skills:
 + Level 4.6 Fighting
 + Level 4.4 Dodging
 - Level 3.0 Shields
 + Level 3.9 Unarmed Combat


You had 5 spell levels left.
You didn't know any spells.
Your spell library contained the following spells:

 Spells                   Type           Power      Damage    Failure   Level
 Summon Small Mammal      Summ           0%         N/A       30%         1
 Call Canine Familiar     Summ           0%         N/A       67%         3
 Gell's Gravitas          Tloc           0%         N/A       67%         3
 Lesser Beckoning         Tloc           0%         N/A       67%         3
 Summon Guardian Golem    Hex/Summ       0%         N/A       67%         3
 Teleport Other           Tloc           0%         N/A       67%         3
 Tukima's Dance           Hex            0%         N/A       67%         3
 Passage of Golubria      Tloc           0%         N/A       97%         4
 Yara's Violent Unravell  Hex/Tmut       0%         3d3       100%        5


Dungeon Overview and Level Annotations

Branches:
Dungeon (5/15)
 Temple: D:4-7

Altars:
Dithmenos
Nemelex Xobeh
Sif Muna
Trog

Shops:
D:3 *

Annotations:
D:4 Blork the orc, Pikel


Innate Abilities, Weirdness & Mutations

You cannot wear most types of armour.
You are amphibious.
You can wear up to eight rings at the same time.
Your skin changes colour to match your surroundings (Stealth+).
Your rubbery body absorbs attacks. (AC +1, EV +1)
((You are camouflaged when in or above water. (Stealth+)))
You have tentacles for arms and can constrict up to eight enemies at once.


Message History

The phantom hits you!
* * * LOW HITPOINT WARNING * * *
You barely miss the phantom.
The phantom is severely damaged.
The phantom hits you.
* * * LOW HITPOINT WARNING * * *
You tentacle-slap the phantom. Your squeeze misses the phantom.
The phantom is severely damaged.
You block the phantom's attack.
You barely miss the phantom.
The phantom is severely damaged.
The phantom closely misses you.
You miss the phantom.
The phantom is severely damaged.
The phantom hits you.
* * * LOW HITPOINT WARNING * * *
The phantom blinks!
You blink.
You closely miss the phantom.
The phantom is severely damaged.
The phantom hits you.
* * * LOW HITPOINT WARNING * * *
You feel better. The phantom barely misses you.
You barely miss the phantom.
The phantom is severely damaged.
The phantom closely misses you.
You miss the phantom.
The phantom is severely damaged.
The phantom barely misses you.
You closely miss the phantom.
The phantom is severely damaged.
The phantom barely misses you.
You barely miss the phantom. You squeeze the phantom.
The phantom is severely damaged.
The phantom hits you.
* * * LOW HITPOINT WARNING * * *
The phantom blinks!
You blink.
You tentacle-slap the phantom.
The phantom is almost destroyed.
The phantom hits you.
You die...

######..#.#.###.#
#..........# ##.
#.####..#.## ##
#####.###.....# #
#.##.:...(...#^..## ##
......§§..........## ##.
#.###...#######..#.###.#
#...# #......... #.W@#
#..####### #...# #...#
#...# #.#.# #...# #.#.#
##.########.#.#
##.###......†....#.#
........##########.#
##.####.###### .#
#......# .#


You could see a phantom.

Vanquished Creatures
  3 lemures
  A scorpion (D:5)
  A hound (D:5)
  Jessica (D:3)
  An iguana (D:5)
  A gnoll (D:5)
  3 adders (D:4)
  3 dart slugs
  8 orcs
  4 ball pythons
  4 endoplasms
  A giant cockroach (D:3)
  9 goblins
  3 hobgoblins (D:2)
  6 quokkas
  5 bats
  2 frilled lizards
  4 kobolds
  2 rats
62 creatures vanquished.

Notes
Turn   | Place    | Note
-------+----------+-------------------------------------------
     0 | D:1      | inmateoo the Octopode Fighter began the quest for the Orb.
     0 | D:1      | Reached XP level 1. HP: 16/16 MP: 1/1
   283 | D:1      | Reached XP level 2. HP: 17/21 MP: 2/2
   420 | D:1      | You fall into a shaft and drop 1 floor!
   589 | D:2      | Reached XP level 3. HP: 26/26 MP: 3/3
  1108 | D:3      | Found Ryetit's Assorted Antiques.
  1119 | D:3      | Bought a scroll labelled GIRYOLENNI for 24 gold pieces
  1119 | D:3      | Bought a scroll labelled YPHIBU VYLAA for 24 gold pieces
  1338 | D:3      | Noticed Jessica
  1348 | D:3      | Killed Jessica
  1349 | D:3      | Reached XP level 4. HP: 20/33 MP: 4/4
  1350 | D:3      | Found a shimmering blue altar of Sif Muna.
  1932 | D:3      | Identified the +5 ring mail of Boredom {Contam rC+ MP+9
                  | Str+5}
  2132 | D:3      | Identified the +2 leather armour of Rexajy {Int-4 Dex+5
                  | Slay+2}
  2680 | D:4      | Found a shadowy altar of Dithmenos.
  2680 | D:4      | Found a sparkling altar of Nemelex Xobeh.
  2681 | D:4      | Found a bloodstained altar of Trog.
  2940 | D:4      | Reached XP level 5. HP: 37/37 MP: 5/5
  2998 | D:4      | Noticed a lemure
  2998 | D:4      | Noticed a lemure
  2999 | D:4      | Noticed Pikel
  3001 | D:4      | Noticed a lemure
  3034 | D:3      | Killed a lemure
  3240 | D:4      | Noticed a lemure
  3257 | D:4      | Killed a lemure
  3266 | D:4      | Killed a lemure
  3387 | D:4      | Noticed Blork the orc
  3406 | D:5      | Entered Level 5 of the Dungeon
  3701 | D:5      | Noticed Sigmund
  3703 | D:5      | Noticed Sigmund
  3703 | D:5      | Sigmund changed into Sigmund the gnoll
  3721 | D:5      | Killed Sigmund the gnoll
  3860 | D:5      | Reached XP level 6. HP: 41/44 MP: 6/6
  3941 | D:5      | Slain by a phantom

Illustrated notes

Levels and vault maps discovered:
D:1:      heliophobic_arrival_battle_scene, layout_loops_ring,
          minmay_misc_feat_iff, minmay_worlds_worst_comb
D:2:      layout_basic
D:3:      layout_loops_cross, tgw_sif, serial_shops,
          nicolae_shop_overgrown_old_shop, roderic_lattice_a
D:4:      layout_basic, gammafunk_temple_overflow_claw, uniq_pikel,
          uniq_blork_the_orc
D:5:      layout_loops_ring, minmay_temple_entry_gardened_gates, uniq_duvessa,
          uniq_sigmund

Skill      XL: |  1  2  3  4  5 |
---------------+----------------+-----
Unarmed Combat | 3 |  3.9
Fighting       | 4 |  4.6
Dodging        | 4 |  4.4
Shields        | |  3.0

Action                   |  1- 3 |  4- 6 || total
-------------------------+-------+-------++-------
Melee: Unarmed           |    77 |   118 ||   195
       Constrict         |    21 |    25 ||    46
       Tentacles         |    13 |    26 ||    39
       Punch             |     3 |     3 ||     6
Evoke: Wand              |       |     2 ||     2
  Use: Potion            |     1 |     2 ||     3
       Scroll            |       |     9 ||     9
 Stab: Sleeping          |     5 |     4 ||     9
Armor: Skin              |     4 |     9 ||    13
Dodge: Dodged            |    39 |    57 ||    96
Block: Buckler           |    18 |    22 ||    40
